 Dungeon Crawl Stone Soup version 0.31-a0-202-g547052bce9 (webtiles) character file.

Game seed: 15385549015051029375

74 qw the Shooter (level 4, -3/25 HPs)
             Began as a Deep Elf Hunter on June 26, 2023.
             Slain by a gnoll
             ... wielding a +0 halberd
              (7 damage)
             ... on level 3 of the Dungeon.
             The game lasted 00:00:37 (1746 turns).

qw the Shooter (Deep Elf Hunter)                    Turns: 1746, Time: 00:00:38

Health: -3/25      AC:  4    Str: 14    XL:     4   Next: 9%
Magic:  6/6        EV: 12    Int: 14    God:
Gold:   95         SH:  0    Dex: 18    Spells: 3/3 levels left

rFire   . . .        Y - +0 shortbow
rCold   . . .        (shield currently unavailable)
rNeg    . . .        j - +1 leather armour "Zucoc" {Str+4}
rPois   .            (no helmet)
rElec   .            (no cloak)
rCorr   +            (no gloves)
SInv    .            (no boots)
Will    +....        (no amulet)
Stlth   ++           g - ring of resist corrosion
HPRegen 0.24/turn    k - ring of willpower
MPRegen 0.10/turn

%: no passive effects
@: about to teleport
A: no striking features
a: no special abilities


You were on level 3 of the Dungeon.
You visited 1 branch of the dungeon, and saw 3 of its levels.

You collected 95 gold pieces.


   Skills:
 - Level 1.5 Fighting
 + Level 7.5 Ranged Weapons
 - Level 2.4 Dodging
 - Level 1.2 Stealth


You had 3 spell levels left.
You didn't know any spells.
Your spell library was empty.

Inventory:

Hand Weapons
 Y - a +0 shortbow (weapon)
Armour
 c - a +0 ring mail
 j - the +1 leather armour "Zucoc" (worn) {Str+4}
   (You found it on level 2 of the Dungeon)

   Str:       It affects your strength (+4).
Jewellery
 g - a ring of resist corrosion (left hand)
 k - a ring of willpower (right hand)
Scrolls
 a - a scroll of identify
 b - a scroll of poison {unknown}
Potions
 e - 3 potions of curing
 h - 2 potions of enlightenment
 i - a potion of might
 l - a potion of haste {unknown}

Dungeon Overview and Level Annotations

Branches:
Dungeon (3/15)

Altars:

Shops:
D:3 :


Message History

Enter note: You shoot an arrow.
The arrow misses the goblin.
You shoot an arrow. The arrow hits the goblin!
You kill the goblin!
You now have 95 gold pieces (gained 22).
Things that are here:
a +0 dagger; a goblin corpse 3 gnolls come into view.
Found 16 gold pieces.
A gnoll comes into view. It is wielding a +0 spear.
The gnoll moves out of view.
Enter note:
Enter note:
Enter note:
Enter note:
1736 ||| Stepping ~*~*~tactically~*~*~ (outnumbered).
A quokka comes into view.
You shoot an arrow. The arrow hits the quokka.
You kill the quokka!
1739 ||| Stepping ~*~*~tactically~*~*~ (outnumbered).
The gnoll shouts!
1741 ||| Stepping ~*~*~tactically~*~*~ (outnumbered).
The gnoll hits you from afar with a +0 spear.
You shoot an arrow. The gnoll shouts!
The arrow hits the gnoll but does no damage.
The gnoll barely misses you.
The gnoll hits you from afar with a +0 halberd!
You shoot an arrow. The arrow barely misses the gnoll.
The gnoll barely misses you. The gnoll closely misses you.
You shoot an arrow. The arrow hits the gnoll.
The gnoll is lightly wounded.
The gnoll barely misses you.
The gnoll hits you from afar with a +0 halberd!
1746 ||| READING scroll of teleportation.
As you read the scroll of teleportation, it crumbles to dust.
You feel strangely unstable. The gnoll hits you but does no damage.
The gnoll hits you from afar with a +0 halberd!
You die...

##################.###
....... ..........#
....## #######.#.#
###.### #.#.# <.....#
#.#.# ......#
##########.#.# ......#
#.......)..#.# ......#
#.###...####+###
......+ #....@gg....#
......# #....#......#
......# #....#.g.....
......# #....#...^...
.###### #....#..g....
.# #.####$......
.##### #. .......
...... . .......
.###.. %.


You could see 4 gnolls.

Vanquished Creatures
  2 adders (D:2)
  2 orcs (D:3)
  2 ball pythons (D:2)
  4 endoplasms
  2 giant cockroaches
  4 goblins
  7 hobgoblins
  3 kobolds
  5 quokkas
  5 bats
  7 frilled lizards
  7 rats
50 creatures vanquished.

Notes
Turn   | Place    | Note
-------+----------+-------------------------------------------
     0 | D:1      | qw the Deep Elf Hunter began the quest for the Orb.
     0 | D:1      | Reached XP level 1. HP: 12/12 MP: 3/3
     0 | D:1      | 0 ||| qw: Version: 0.3-a-22-g0ed2b0b
     0 | D:1      | 0 ||| qw: Game counter: 6156
     0 | D:1      | 0 ||| qw: Melee chars always use a shield: true
     0 | D:1      | 0 ||| qw: God list: Okawaru
     0 | D:1      | 0 ||| qw: Allow faded altars: false
     0 | D:1      | 0 ||| qw: Do Orc after clearing Dungeon:15 true
     0 | D:1      | 0 ||| qw: Do second Lair branch before Depths: true
     0 | D:1      | 0 ||| qw: Lair rune preference: random
     0 | D:1      | 0 ||| qw: Goals: Normal
     0 | D:1      | 0 ||| PLANNING D:1-11
   156 | D:1      | Reached XP level 2. HP: 16/16 MP: 4/4
   171 | D:1      | Reached skill level 6 in Ranged Weapons
   536 | D:1      | 536 ||| READING 2 scrolls labelled ZOWALA NAULAAL.
   537 | D:1      | 537 ||| READING scroll labelled REISTR EQUPIPP.
   538 | D:1      | 538 ||| READING scroll labelled BISTUE MIUSI.
   541 | D:1      | 541 ||| DRINKING 3 sapphire potions.
   542 | D:1      | 542 ||| DRINKING 2 grey potions.
   543 | D:1      | 543 ||| DRINKING 3 fizzy clear potions.
   544 | D:1      | 544 ||| DROPPING scroll of butterflies.
   545 | D:1      | 545 ||| DROPPING potion of attraction.
   821 | D:2      | Reached XP level 3. HP: 20/20 MP: 5/5
   896 | D:2      | Reached skill level 7 in Ranged Weapons
  1078 | D:2      | Identified the +1 leather armour "Zucoc" {Str+4}
  1390 | D:2      | 1390 ||| UPGRADING to +1 leather armour "Zucoc" {Str+4}.
  1400 | D:2      | 1400 ||| DROPPING +0 leather armour.
  1401 | D:2      | 1401 ||| UPGRADING to ring of resist corrosion.
  1402 | D:2      | 1402 ||| UPGRADING to ring of willpower.
  1403 | D:2      | 1403 ||| READING scroll labelled JEF QINKUM.
  1404 | D:2      | 1404 ||| READING scroll labelled MENWISTRIURCH.
  1505 | D:2      | 1505 ||| READING 2 scrolls of identify.
  1505 | D:2      | 1505 ||| IDENTIFYING glowing red potion
  1661 | D:3      | Found Taxkage's Vocational Training.
  1724 | D:3      | Reached XP level 4. HP: 25/25 MP: 6/6
  1736 | D:3      | 1736 ||| Stepping ~*~*~tactically~*~*~ (outnumbered).
  1739 | D:3      | 1739 ||| Stepping ~*~*~tactically~*~*~ (outnumbered).
  1741 | D:3      | 1741 ||| Stepping ~*~*~tactically~*~*~ (outnumbered).
  1745 | D:3      | HP: 4/25 [gnoll/+0 halberd (11)]
  1746 | D:3      | 1746 ||| READING scroll of teleportation.
  1746 | D:3      | Slain by a gnoll

Levels and vault maps discovered:
D:1:      nicolae_arrival_washed_ashore, layout_basic, minmay_strange_pillars
D:2:      layout_basic
D:3:      layout_basic, ebering_ecumenical_altar_hall, minmay_misc_feat_tower,
          nicolae_shop_vocational

Skill      XL: |  1  2  3 |
---------------+----------+-----
Ranged Weapons | 6 7 |  7.5
Fighting       | |  1.5
Dodging        | |  2.4
Stealth        | |  1.2

Action                     |  1- 3 |  4- 6 || total
---------------------------+-------+-------++-------
   Fire: Shortbow          |   107 |     9 ||   116
    Use: Scroll            |     6 |     1 ||     7
         Potion            |     3 |       ||     3
 Armour: Leather armour    |     2 |     1 ||     3
  Dodge: Dodged            |     9 |     4 ||    13

Table legend:
 A = Non-vault XP
 B = Vault XP
 C = Vault XP percentage of total XP
 D = Non-vault monster count
 E = Vault monster count
 F = Vault count percentage of total count
                 A         B        C        D         E       F
            +---------+---------+-------+---------+---------+-------
      Total |     106 |       0 |   0.0 |      50 |       0 |   0.0
            +---------+---------+-------+---------+---------+-------
        D:1 |      28 |       0 |   0.0 |      18 |       0 |   0.0
        D:2 |      57 |       0 |   0.0 |      21 |       0 |   0.0
        D:3 |      21 |       0 |   0.0 |      11 |       0 |   0.0
            +---------+---------+-------+---------+---------+-------
